 Dungeon Crawl Stone Soup version 0.19.1-1-g22dce08 (console) character file.

212 Kloppie the Skirmisher (level 5, -1/50 HPs)
             Began as a Hill Orc Fighter on Jan 18, 2017.
             Slain by an orc
             ... wielding a +0 hand axe
              (3 damage)
             ... on level 3 of the Dungeon.
             The game lasted 00:02:58 (2792 turns).

Kloppie the Skirmisher (Hill Orc Fighter)           Turns: 2792, Time: 00:02:58

Health: -1/50      AC:  8    Str: 19    XL:     5   Next: 89%
Magic:  5/5        EV: 12    Int:  8    God:
Gold:   107        SH:  9    Dex: 16    Spells: 0 memorised, 4 levels left

rFire  . . .     SeeInvis .     a - +0 war axe
rCold  . . .     Gourm    .     b - +0 scale mail
rNeg   . . .     Faith    .     c - +0 shield
rPois  .         Spirit   .     A - +0 helmet
rElec  .         Reflect  .     (no cloak)
rCorr  .         Harm     .     (no gloves)
MR     .....                    (no boots)
Stlth  +.........               (no amulet)
                                (no ring)
                                (no ring)

@: agile
A: no striking features
a: Convert to Beogh


You were on level 3 of the Dungeon.
You were hungry.

You visited 1 branch of the dungeon, and saw 3 of its levels.

You collected 107 gold pieces.

Inventory:

Hand Weapons
 a - a +0 war axe (weapon)
Armour
 b - a +0 scale mail (worn)
 c - a +0 shield (worn)
 A - a +0 helmet (worn)
Jewellery
 g - an uncursed ring of protection from magic {unknown}
 r - a cursed ring of teleportation {unknown}
 u - an uncursed ring of ice {unknown}
 w - an uncursed amulet of harm {unknown}
Scrolls
 e - 3 scrolls of identify {unknown}
 i - 4 scrolls of teleportation {unknown}
 j - a scroll of enchant weapon {unknown}
 l - a scroll of recharging {unknown}
 p - a scroll of immolation {unknown}
 v - 2 scrolls of fog {unknown}
 y - a scroll of remove curse {unknown}
Potions
 d - 2 potions of flight {unknown}
 k - 2 potions of curing {unknown}
 m - a potion of heal wounds {unknown}
 n - a potion of lignification {unknown}
 q - a potion of agility
 s - 2 potions of cancellation {unknown}
 z - a potion of resistance {unknown}
Comestibles
 f - 4 bread rations
 h - 3 fruits
 o - a slice of pizza
 t - a beef jerky
 B - a meat ration


   Skills:
 + Level 6.0 Fighting
 + Level 5.8 Axes
 - Level 3.2 Armour
 - Level 3.2 Shields


You had 4 spell levels left.
You didn't know any spells.

Dungeon Overview and Level Annotations

Branches:
Dungeon (3/15)

Altars:

Annotations:
D:3 1 runed door


Message History

You barely miss the orc wizard.
You feel sick.
You are no longer poisoned.
The orc wizard casts a spell.
The orc wizard blinks!
The orc priest invokes the aid of Beogh against you.
Pain shoots through your body!
* * * LOW HITPOINT WARNING * * *
You hit the orc.
The orc is almost dead.
The orc barely misses you.
You completely miss the orc.
The orc is almost dead.
The orc priest threatens, "By the altar or by the axe, you will meet Beogh!"
The orc wizard mumbles some strange words.
The orc wizard blinks!
The orc hits you but does no damage.
The orc priest shouts, "Beogh is our master!
Accept the truth or die!"
You barely miss the orc. You closely miss the orc.
You are feeling hungry.
You block the orc's attack. The orc hits you with a hand axe.
You die...

.......................##.###....
...#.#.#.##.#####.####.##......##
####.#.#.##.# #.# ######.#
(......#.##.# #.# ###.##
########.##.# ##.# #...## #.##.#
#..# #.#### .....# #.## #.# #
#.##.# #.# #.# # ####.# #@# #.#
## #ooo....# #.###. ###.....#
#>##.. .§...# #..... ....# ####..
...## ##. .## ## .# ♣


You could see an orc priest and 2 orcs.

Vanquished Creatures
  Natasha (thrice) (D:2)
  Robin (D:3)
  6 adders
  A worm (D:2)
  2 dart slugs (D:2)
  A leopard gecko (D:1)
  An orc (D:3)
  5 bats
  4 giant cockroaches
  14 goblins
  8 hobgoblins
  A quokka (D:3)
  4 ball pythons
  4 frilled lizards
  9 kobolds
  7 rats
71 creatures vanquished.

Notes
Turn   | Place    | Note
-------+----------+-------------------------------------------
     0 | D:1      | Kloppie the Hill Orc Fighter began the quest for the Orb.
     0 | D:1      | Reached XP level 1. HP: 19/19 MP: 1/1
   123 | D:1      | Reached XP level 2. HP: 27/27 MP: 2/2
   147 | D:1      | Reached skill level 4 in Fighting
  1213 | D:2      | Noticed Natasha
  1215 | D:2      | Noticed a crimson imp
  1218 | D:2      | Noticed a crimson imp
  1219 | D:2      | Killed Natasha
  1219 | D:2      | Reached XP level 3. HP: 34/34 MP: 3/3
  1485 | D:2      | Noticed Natasha
  1494 | D:2      | Killed Natasha
  1494 | D:2      | Reached skill level 5 in Fighting
  1494 | D:2      | Reached XP level 4. HP: 24/42 MP: 4/4
  1691 | D:2      | Noticed Natasha
  1695 | D:2      | Killed Natasha
  1695 | D:2      | Reached skill level 5 in Axes
  1695 | D:2      | Reached XP level 5. HP: 32/48 MP: 5/5
  2203 | D:3      | Found a faded altar of an unknown god.
  2323 | D:3      | Found a runed door.
  2462 | D:3      | Noticed Robin
  2466 | D:3      | Killed Robin
  2788 | D:3      | Reached skill level 6 in Fighting
  2789 | D:3      | HP: 1/50 [orc priest/nerve-wracking pain (6)]
  2792 | D:3      | Slain by an orc

Skill      XL: |  1  2  3  4  5 |
---------------+----------------+-----
Axes           | 3 4 5 |  5.8
Fighting       | 4 5 6 |  6.0
Armour         | |  3.2
Shields        | |  3.2

Action                   |  1- 3 |  4- 6 || total
-------------------------+-------+-------++-------
Melee: War axe           |    85 |   169 ||   254
  Use: Potion            |     1 |     1 ||     2
  Eat: Chunk             |     2 |     4 ||     6
Armor: Scale mail        |    31 |    62 ||    93
Dodge: Dodged            |    32 |    47 ||    79
Block: Shield            |    34 |    84 ||   118
